 Dungeon Crawl Stone Soup version 0.27.0-1-g7a089689b8 (webtiles) character file.

Game seed: 5603447115231631003

9196 dtburroughs the Fighter (level 11, -2/153 HPs)
             Began as a Minotaur Berserker on Aug 3, 2021.
             Was an Elder of Trog.
             Slain by a yak (7 damage)
             ... on level 10 of the Dungeon on Aug 4, 2021.
             The game lasted 00:22:39 (14267 turns).

dtburroughs the Fighter (Minotaur Berserker)       Turns: 14267, Time: 00:22:40

Health: -2/153     AC: 16    Str: 28    XL:     11   Next: 19%
Magic:  10/10      EV: 11    Int:  7    God:    Trog [****..]
Gold:   532        SH:  0    Dex: 10    Spells: 10/10 levels left

rFire    . . .     SeeInvis .   A - +0 war axe
rCold    . . .     Faith    .   (no shield)
rNeg     . . .     Spirit   .   y - +0 plate armour
rPois    .         Reflect  .   (helmet restricted)
rElec    .         Harm     .   (no cloak)
rCorr    .         Rampage  .   q - +0 pair of gloves
Will     .....                  (no boots)
Stlth    ..........             (no amulet)
HPRegen  0.35/turn              d - +6 ring of strength
MPRegen  0.12/turn              (no ring)

@: berserking, very quick
A: horns 2, retaliatory headbutt
a: Renounce Religion, Berserk, Trog's Hand, Brothers in Arms


You were on level 10 of the Dungeon.
You worshipped Trog.
Trog was greatly pleased with you.
You visited 1 branch of the dungeon, and saw 10 of its levels.

You collected 532 gold pieces.

Inventory:

Hand Weapons
 a - a +0 hand axe
 u - a +1 mace of protection
 x - a +0 morningstar
 A - a +0 war axe (weapon)
Armour
 q - a +0 pair of gloves (worn)
 y - a +0 plate armour (worn)
Jewellery
 d - a +6 ring of strength (left hand)
 p - a ring of magical power
Wands
 k - a wand of polymorph (9)
Scrolls
 c - a scroll of enchant weapon {unknown}
 e - a scroll of magic mapping {unknown}
 f - 5 scrolls of fog
 g - a scroll of amnesia {unknown}
 i - 2 scrolls of vulnerability
 o - 3 scrolls of teleportation
 s - a scroll of immolation {unknown}
 w - 2 scrolls of blinking {unknown}
 z - a scroll of holy word {unknown}
 B - a scroll of brand weapon {unknown}
Potions
 b - 2 potions of mutation
 h - 3 potions of heal wounds
 j - a potion of berserk rage {unknown}
 l - 2 potions of lignification {unknown}
 m - a potion of resistance
 n - 2 potions of curing
 r - a potion of ambrosia {unknown}
 t - 2 potions of brilliance {unknown}
 v - a potion of cancellation {unknown}


   Skills:
 + Level 11.0 Fighting
 + Level 11.0 Axes
 + Level 10.7 Armour
 + Level 10.0 Dodging


You had 10 spell levels left.
You didn't know any spells.
Your spell library was empty.

Dungeon Overview and Level Annotations

Branches:
Dungeon (10/15)            Temple (0/1) D:7            Lair (0/6) D:9
    Orc (0/2) D:9

Altars:
Cheibriados
Dithmenos
Fedhas
Gozag
Nemelex Xobeh
Trog
Uskayaw
Vehumet
The Shining One

Shops:
D:2 [   D:4 ((*   D:6 *   D:10 *(:?

Annotations:
D:10 3 runed translucent doors


Innate Abilities, Weirdness & Mutations

You have a pair of horns on your head.
You reflexively headbutt those who attack you in melee.


Message History

* * * LOW HITPOINT WARNING * * *
Found 18 gold pieces.
You see here a yak corpse.
You barely miss the yak. You headbutt the yak, but do no damage.
The yak is lightly wounded.
You slash the yak! You hit the yak. The yak gores you but does no damage.
The yak gores you!
* * * LOW HITPOINT WARNING * * *
The yak gores you.
* * * LOW HITPOINT WARNING * * *
A red film seems to cover your vision as you go berserk!
You feel yourself moving faster!
You feel mighty! The yak completely misses you.
The yak gores you but does no damage. The yak gores you!
* * * LOW HITPOINT WARNING * * *
You completely miss the yak.
The yak is lightly wounded.
Your plate armour prevents you from hitting the yak.
You slash the yak!
You kill the yak!
Trog accepts your kill.
The yak gores you but does no damage. x2
Your Fighting skill increases to level 11!
You slash the yak!
The yak is moderately wounded.
You hit the yak. The yak gores you.
* * * LOW HITPOINT WARNING * * *
The yak gores you!
* * * LOW HITPOINT WARNING * * *
You closely miss the yak.
The yak is moderately wounded.
You slash the yak!
You kill the yak!
Trog accepts your kill.
Your Axes skill increases to level 11!
Your Dodging skill increases to level 10!
You slash the yak!
The yak is heavily wounded.
The yak gores you!
You die...

###############
..............#
...............
#.............. ..
#...........# .
.$..........# .# #
.. #.Y@.##.# >.#
##. #..####'###.#
..# ...
#.......†#..#.∩.#
...
.........#..#...#
...
.........#..#####.#
#
#........'........#
##.
#..########..#...#
...
...##....##..##..##
...
..................#


You could see a yak.

Vanquished Creatures
  A two-headed ogre (D:7)
  Erica (D:8)
  Pikel (D:6)
  Maggie (D:8)
  A troll (D:9)
  Prince Ribbit (D:7)
  A wraith (D:10)
  9 yaks
  A wyvern (D:7)
  Grum (D:8)
  A steam dragon (D:9)
  An acid dragon (D:10)
  Duvessa (D:6)
  7 orc warriors
  A swamp drake (D:9)
  An ice beast (D:6)
  A sky beast (D:7)
  A necrophage (D:5)
  6 wolves
  6 centaurs
  2 lemures (D:6)
  A kobold brigand (D:9)
  A gnoll sergeant (D:10)
  Dowan (D:6)
  4 scorpions
  A water moccasin skeleton (D:5)
  6 killer bees
  3 wights
  An electric eel (D:9)
  A howler monkey (D:6)
  2 jellies
  A bullfrog zombie (D:7)
  2 centaur zombies
  6 hounds
  13 orc priests
  A centaur skeleton (D:7)
  A gnoll shaman (D:8)
  3 bullfrog skeletons
  24 orc wizards
  2 iguanas
  5 adders
  9 gnolls
  A howler monkey skeleton (D:6)
  An ufetubus (D:4)
  2 worms
  2 dart slugs
  51 orcs
  7 ball pythons
  5 endoplasms
  4 giant cockroaches
  6 goblins
  6 hobgoblins
  5 jackals
  3 quokkas
  4 bats
  A frilled lizard (D:1)
  13 kobolds
  4 rats
249 creatures vanquished.

Vanquished Creatures (others)
  A plant (D:10)
1 creature vanquished.

Grand Total: 250 creatures vanquished

Notes
Turn   | Place    | Note
-------+----------+-------------------------------------------
     0 | D:1      | dtburroughs the Minotaur Berserker began the quest for the
                  | Orb.
     0 | D:1      | Reached XP level 1. HP: 19/19 MP: 0/0
   452 | D:1      | Reached XP level 2. HP: 23/27 MP: 1/1
   933 | D:1      | Found a faded altar of an unknown god.
  1553 | D:2      | Reached XP level 3. HP: 26/33 MP: 2/2
  1677 | D:2      | Found an opulent altar of Gozag.
  1746 | D:2      | Found Dayck's Antique Armour Emporium.
  2298 | D:3      | Noticed a scorpion
  2306 | D:3      | Killed a scorpion
  2306 | D:3      | Reached ** piety under Trog
  2307 | D:3      | Reached XP level 4. HP: 26/41 MP: 3/3
  3049 | D:3      | Reached XP level 5. HP: 46/47 MP: 4/4
  3088 | D:4      | Found Moanoh's Antique Weapon Shoppe.
  3350 | D:4      | Reached skill level 5 in Fighting
  3350 | D:4      | Reached skill level 5 in Axes
  3374 | D:4      | Reached XP level 6. HP: 49/56 MP: 5/5
  3416 | D:4      | Found Jazol's Weapon Boutique.
  4110 | D:4      | Found a snail-covered altar of Cheibriados.
  4132 | D:4      | Found Hongepagg's General Store.
  4505 | D:5      | Entered Level 5 of the Dungeon
  5003 | D:5      | Reached skill level 5 in Armour
  5008 | D:5      | Reached XP level 7. HP: 59/62 MP: 6/6
  5122 | D:5      | Reached skill level 5 in Dodging
  5345 | D:5      | Found a blossoming altar of Fedhas.
  5345 | D:5      | Found a hide-covered altar of Uskayaw.
  5581 | D:6      | Found Dejiutukk's Desiderata Depot.
  5662 | D:6      | Noticed Pikel
  5707 | D:6      | Killed Pikel
  5708 | D:6      | Reached XP level 8. HP: 55/73 MP: 7/7
  6049 | D:6      | Noticed Duvessa
  6057 | D:6      | Killed Duvessa
  6070 | D:6      | Noticed Dowan
  6093 | D:6      | Killed Dowan
  6556 | D:6      | Reached *** piety under Trog
  6785 | D:6      | Found a bloodstained altar of Trog.
  6858 | D:6      | Reached XP level 9. HP: 59/81 MP: 8/8
  7445 | D:7      | Noticed Prince Ribbit
  7459 | D:7      | Killed Prince Ribbit
  7759 | D:7      | Found a staircase to the Ecumenical Temple.
  8698 | D:7      | Noticed a two-headed ogre
  8712 | D:7      | Killed a two-headed ogre
  8896 | D:8      | Noticed Maggie
  8918 | D:8      | Killed Maggie
  8919 | D:8      | Reached XP level 10. HP: 91/91 MP: 9/9
  9594 | D:8      | Noticed Erica
  9619 | D:8      | Killed Erica
 10200 | D:8      | Noticed Grum
 10240 | D:7      | Reached skill level 10 in Fighting
 10244 | D:7      | Reached skill level 10 in Axes
 10575 | D:8      | Killed Grum
 11250 | D:9      | Reached **** piety under Trog
 11252 | D:9      | Reached skill level 10 in Armour
 11557 | D:9      | Found a staircase to the Lair.
 11707 | D:9      | Found a radiant altar of Vehumet.
 13115 | D:9      | Reached XP level 11. HP: 33/101 MP: 10/10
 13485 | D:9      | Found a shadowy altar of Dithmenos.
 13540 | D:9      | Found a glowing golden altar of the Shining One.
 13677 | D:9      | Found a staircase to the Orcish Mines.
 13756 | D:10     | Entered Level 10 of the Dungeon
 13759 | D:10     | Found a sparkling altar of Nemelex Xobeh.
 13810 | D:10     | Found Lyfuanad's General Store.
 13813 | D:10     | Found a runed translucent gate.
 13814 | D:10     | Found a runed translucent gate.
 13815 | D:10     | Found a runed translucent gate.
 13818 | D:10     | Found Leupp's Antique Weapon Emporium.
 14019 | D:10     | Found Rontues's Book Boutique.
 14236 | D:10     | Found Usil's Magic Scroll Emporium.
 14265 | D:10     | HP: 4/153 [yak (10)]
 14267 | D:10     | Reached skill level 10 in Dodging
 14267 | D:10     | Slain by a yak

Illustrated notes

Levels and vault maps discovered:
D:1:      amcnicky_arrival_single_pillar, layout_loops_corners,
          shapermc_ecumenical_altar_ellora, minmay_tetromino_t2
D:2:      layout_rooms, serial_shops, shop, basic_altar
D:3:      layout_basic, nrook_uturn, supply_closet_lemuel,
          minmay_strange_pillars, minmay_quantized
D:4:      layout_layer_cave, cheibriados_altar_1, serial_shops,
          nicolae_shop_statue_plus, nicolae_stop_n_shop_2,
          nicolae_stop_n_shop_2, hangedman_decor_points
D:5:      layout_basic, gammafunk_temple_overflow_elements
D:6:      layout_loops_ring, overflow_temple_1_default,
          kennysheep_decorative_pillar, nicolae_alphabet_shops,
          kennysheep_generic_room_10, uniq_pikel, uniq_duvessa
D:7:      layout_loops_ring, minmay_temple_entry_trees,
          wad_floor_pattern_untrapped, hangedman_decor_lopped,
          uniq_prince_ribbit1
D:8:      wander_river, layout_basic, hangedman_glass_teeth, uniq_maggie,
          uniq_grum, uniq_erica
D:9:      layout_rooms, lemuel_round_altar, old_standard_altar,
          nicolae_tso_swordbearing_angel, erik_lair_island, erik_orc_1,
          hex_medium
D:10:     layout_gridville, mainiacjoe_overflow_small_starburst,
          mainiacjoe_overflow_cross_hatched, gammafunk_ghost_spectres,
          serial_shops, shop, nicolae_shop_crystal, nicolae_shop_stone,
          nicolae_take_the_stairs

Skill      XL: |  1  2  3  4  5  6  7  8  9 10 11 |
---------------+----------------------------------+-----
Fighting       | 4 5 7 9 10 11 | 11.0
Axes           | 4 5 7 9 10 11 | 11.0
Armour         | 3 4 5 6 7 9 10 | 10.7
Dodging        | 3 4 5 6 8 9 10 | 10.0

Action                   |  1- 3 |  4- 6 |  7- 9 | 10-12 || total
-------------------------+-------+-------+-------+-------++-------
Melee: Hand axe          |    90 |   105 |   258 |    81 ||   534
       Headbutt          |    12 |    27 |    69 |    65 ||   173
       War axe           |       |       |       |   224 ||   224
Invok: Berserk           |     1 |       |     4 |     5 ||    10
       Trog's Hand       |       |       |     4 |     4 ||     8
  Use: Scroll            |       |       |       |     5 ||     5
Armor: Animal skin       |     7 |       |       |       ||     7
       Chain mail        |    23 |    70 |   129 |       ||   222
       Plate armour      |       |       |     4 |   237 ||   241
Dodge: Dodged            |    57 |    50 |   131 |   220 ||   458
